 Dungeon Crawl Stone Soup version 0.22-b1-21-g5cfc1688f2 (webtiles) character file.

26328 Pisosu the Bludgeoner (level 12, -2/113 HPs)
             Began as a Minotaur Fighter on Aug 7, 2018.
             Was the Champion of Trog.
             Slain by a komodo dragon (16 damage)
             ... on level 3 of the Lair of Beasts.
             The game lasted 00:41:52 (12037 turns).

Pisosu the Bludgeoner (Minotaur Fighter)           Turns: 12037, Time: 00:41:53

Health: -2/113     AC: 20    Str: 26    XL:     12   Next: 97%
Magic:  9/9        EV:  8    Int:  7    God:    Trog [******]
Gold:   691        SH:  0    Dex: 10    Spells: 11/11 levels left

rFire    . . .     SeeInvis .   O - +4 dire flail (curse)
rCold    . . .     Gourm    .   (shield currently unavailable)
rNeg     . . .     Faith    .   N - +0 plate armour
rPois    .         Spirit   .   (helmet restricted)
rElec    .         Reflect  .   E - +0 cloak
rCorr    .         Harm     .   Q - +0 pair of gloves
MR       .....     Clarity  +   K - +0 pair of boots
Stlth    ..........             (no amulet)
HPRegen  0.68/turn              (no ring)
MPRegen  0.11/turn              (no ring)

@: no status effects
A: retaliatory headbutt, horns 2, clarity, clever 1, low mp 1, regeneration 1
a: Berserk, Trog's Hand, Brothers in Arms, Renounce Religion


You were on level 3 of the Lair of Beasts.
You worshipped Trog.
Trog was exalted by your worship.
You were not hungry.

You visited 2 branches of the dungeon, and saw 15 of its levels.
You also visited: Sewer.

You collected 691 gold pieces.

Inventory:

Hand Weapons
 w - a +0 morningstar
 M - a +0 dire flail of holy wrath
 O - a cursed +4 dire flail (weapon)
 S - a +3 antimagic demon whip
Missiles
 g - a throwing net
 j - 22 tomahawks (quivered)
 o - 2 silver javelins
Armour
 c - a +0 shield
 y - a +1 ring mail of fire resistance
 B - a +0 pair of boots
 E - a +0 cloak (worn)
 K - a +0 pair of boots (worn)
 N - a +0 plate armour (worn)
 Q - a +0 pair of gloves (worn)
Jewellery
 m - an uncursed amulet of faith {unknown}
 F - an uncursed ring of protection from cold {unknown}
Wands
 p - a wand of polymorph (39)
 r - a wand of digging (20)
 J - a wand of iceblast (12)
 R - a wand of flame (35)
Scrolls
 e - 12 scrolls of identify
 k - 5 scrolls of teleportation
 l - 9 scrolls of remove curse
 q - 3 scrolls of magic mapping
 s - 2 scrolls of blinking {unknown}
 t - 2 scrolls of enchant weapon {unknown}
 u - 2 scrolls of enchant armour {unknown}
 x - 3 scrolls of fog {unknown}
 D - 4 scrolls of immolation {unknown}
 G - a scroll of acquirement {unknown}
 L - a scroll of noise {unknown}
 P - a scroll of fear
Potions
 a - 3 potions of heal wounds {unknown}
 d - a potion of might
 h - 4 potions of curing
 i - a potion of invisibility {unknown}
 n - 2 potions of agility {unknown}
 v - a potion of haste {unknown}
 z - 5 potions of lignification {unknown}
 A - 5 potions of mutation
 C - 3 potions of berserk rage {unknown}
 H - a potion of cancellation {unknown}
 I - a potion of flight {unknown}
Comestibles
 b - 2 chunks of flesh
 f - 25 rations


   Skills:
 + Level 12.5 Fighting
 + Level 15.9 Maces & Flails
 + Level 12.7 Armour
 + Level 11.2 Shields


You had 11 spell levels left.
You didn't know any spells.
Your spell library contained the following spells:

 Spells                   Type           Power        Failure   Level  Hunger
 Regeneration             Chrm/Necr      #.........   100%        3    ####...
 Shroud of Golubria       Chrm/Tloc      #.........   99%         2    ###....
 Infusion                 Chrm           #...         98%         1    ##.....
 Song of Slaying          Chrm           #.......     99%         2    ###....
 Spectral Weapon          Hex/Chrm       #.......     100%        3    ####...


Dungeon Overview and Level Annotations

Branches:
Dungeon (10/15)            Temple (0/1) D:6            Lair (5/6) D:10
  Swamp (0/4) Lair:3        Snake (0/4) Lair:4          Orc (0/2) D:10
  Slime: Lair:5-6

Altars:
Ashenzari
Cheibriados
Dithmenos
Elyvilon
Fedhas
Gozag
Hepliaklqana
Makhleb
Nemelex Xobeh
Okawaru
Qazlal
Sif Muna
Trog
Vehumet
Yredelemnul
The Shining One

Shops:
D:5 (?=}:


Innate Abilities, Weirdness & Mutations

You reflexively headbutt those who attack you in melee.
You have a pair of horns on your head.
You possess an exceptional clarity of mind.
Your mind is acute. (Int +2)
Your magical capacity is low. (-10% MP)
Your natural rate of healing is unusually fast.


Message History

You puncture the komodo dragon! You headbutt the komodo dragon.
The komodo dragon is heavily wounded.
The komodo dragon bites you!!
* * * LOW HITPOINT WARNING * * *
You hit the komodo dragon.
The komodo dragon is heavily wounded.
The komodo dragon completely misses you.
You closely miss the komodo dragon. You headbutt the komodo dragon!
The komodo dragon is severely wounded.
You barely miss the komodo dragon. You headbutt the komodo dragon.
The komodo dragon is severely wounded.
The komodo dragon bites you but does no damage.
You hit the komodo dragon but do no damage.
You headbutt the komodo dragon, but do no damage.
The komodo dragon is severely wounded.
You barely miss the komodo dragon.
The komodo dragon is severely wounded.
The komodo dragon hisses menacingly.
The komodo dragon bites you!
You die...

...........####...##.............
..........###....##P.............
........P.#..†÷#.##....P.........
..........##.P##..##..........[..
...........####....#..P..........
............# ##...##.......#.###
............#? ##..##......######
...........##/.##..##.......##..P
............#..†@...#......###.P.
............###l##?##.......##...
.............#######........##..#
............#..............##..##
............P...P..........#...##
.................................
.............>...................
.................................
.................................


You could see a komodo dragon.

Vanquished Creatures
  A hydra (Lair:4)
  A two-headed ogre (D:10)
  2 unseen horrors (D:10)
  9 elephants (Lair:4)
  A black mamba (Lair:4)
  4 spiny frogs (Lair:4)
  3 centaur skeletons (D:10)
  7 komodo dragons
  4 rime drakes
  Grinder (D:5)
  8 blink frogs
  5 hippogriffs
  Sigmund (D:5)
  A steam dragon (D:9)
  A hungry ghost (D:8)
  A human (D:9)
  2 basilisks
  18 yaks
  4 hogs (D:9)
  2 vampire mosquitoes (Lair:3)
  3 wargs (D:10)
  Duvessa (D:5)
  6 porcupines
  14 water moccasins
  A black bear (D:9)
  2 orc warriors (D:10)
  3 sky beasts
  3 ice beasts
  An eye of draining (D:9)
  A centaur (D:10)
  6 ogres
  2 phantoms
  6 crocodiles
  A big kobold (D:8)
  9 bullfrogs
  Dowan (D:5)
  2 scorpions (D:7)
  6 killer bees (D:10)
  6 wights
  4 howler monkeys
  3 crimson imps
  A centaur zombie (D:6)
  2 quasits
  3 hounds
  12 orc priests
  3 gnoll shamans
  2 jellies
  17 orc wizards
  Crazy Yiuf (D:5)
  A bullfrog skeleton (D:9)
  Ijyb (D:3)
  9 iguanas
  Natasha (D:3)
  7 hell rats (Lair:4)
  7 worker ants
  A hound skeleton (D:4)
  A worker ant zombie (D:6)
  2 howler monkey skeletons
  50 gnolls
  14 adders
  An ooze (D:4)
  4 adder skeletons
  5 worms
  2 dart slugs
  5 leopard geckos
  40 orcs
  6 bats
  5 giant cockroaches
  5 goblins
  12 hobgoblins
  26 jackals
  12 kobolds
  5 quokkas
  6 ball pythons
  6 frilled lizards
  15 rats
  A plant (D:4)
448 creatures vanquished.

Vanquished Creatures (collateral kills)
  A blink frog (Lair:4)
1 creature vanquished.

Vanquished Creatures (others)
  A leopard gecko (D:3)
  A kobold (D:3)
  9 fungi (Lair:4)
  8 plants (Lair:4)
19 creatures vanquished.

Grand Total: 468 creatures vanquished

Notes
Turn   | Place    | Note
-------+----------+-------------------------------------------
     0 | D:1      | Pisosu the Minotaur Fighter began the quest for the Orb.
     0 | D:1      | Reached XP level 1. HP: 19/19 MP: 0/0
    48 | D:1      | Reached XP level 2. HP: 27/27 MP: 1/1
   304 | D:1      | Reached XP level 3. HP: 31/33 MP: 2/2
   665 | D:2      | Reached skill level 3 in Maces & Flails
   831 | D:2      | Found a bloodstained altar of Trog.
   837 | D:2      | Became a worshipper of Trog the Wrathful
   872 | D:2      | Reached XP level 4. HP: 22/40 MP: 3/3
  1170 | D:2      | Found an iron altar of Okawaru.
  1287 | D:2      | Found a shattered altar of Ashenzari.
  1288 | D:2      | Found a blossoming altar of Fedhas.
  1288 | D:2      | Found a basalt altar of Yredelemnul.
  1426 | D:3      | Noticed Ijyb
  1436 | D:3      | Killed Ijyb
  1436 | D:3      | Reached skill level 4 in Maces & Flails
  1468 | D:3      | Reached XP level 5. HP: 46/46 MP: 4/4
  1511 | D:3      | Reached * piety under Trog
  1522 | D:3      | Reached skill level 5 in Shields
  1634 | D:3      | Found a stormy altar of Qazlal.
  1753 | D:3      | Noticed Natasha
  1759 | D:3      | Killed Natasha
  1771 | D:3      | Reached skill level 5 in Maces & Flails
  1779 | D:3      | Reached XP level 6. HP: 31/53 MP: 5/5
  1919 | D:3      | Reached ** piety under Trog
  2277 | D:4      | Reached skill level 5 in Armour
  2374 | D:4      | Reached skill level 6 in Maces & Flails
  2374 | D:4      | Reached XP level 7. HP: 36/60 MP: 6/6
  2507 | D:4      | Found a deep blue altar of Sif Muna.
  2924 | D:4      | Reached skill level 5 in Fighting
  3079 | D:4      | Reached *** piety under Trog
  3097 | D:4      | Found a hazy altar of Hepliaklqana.
  3329 | D:4      | Reached skill level 7 in Maces & Flails
  3652 | D:4      | Reached XP level 8. HP: 14/69 MP: 7/7
  3656 | D:4      | HP: 4/103 [gnoll/halberd (9)]
  3661 | D:4      | Gained mutation: You possess an exceptional clarity of mind. [potion of mutation]
  3661 | D:4      | Gained mutation: Your mind is acute. (Int +2) [potion of mutation]
  3661 | D:4      | Gained mutation: Your magical capacity is low. (-10% MP) [potion of mutation]
  3661 | D:4      | Gained mutation: Your natural rate of healing is unusually fast. [potion of mutation]
  3827 | D:4      | Reached **** piety under Trog
  4138 | D:5      | Entered Level 5 of the Dungeon
  4213 | D:5      | Reached skill level 8 in Maces & Flails
  4266 | D:5      | Found Yggass's Jewellery Shoppe.
  4286 | D:5      | Noticed Grinder
  4291 | D:5      | Paralysed by Grinder for 2 turns
  4295 | D:5      | Paralysed by Grinder for 7 turns
  4307 | D:5      | Killed Grinder
  4368 | D:5      | Found Qekumed's Magic Scroll Boutique.
  4463 | D:5      | Found Zugavi Hoyh's Book Boutique.
  4468 | D:5      | Noticed Duvessa
  4468 | D:5      | Noticed Dowan
  4478 | D:5      | Killed Duvessa
  4483 | D:5      | Killed Dowan
  4594 | D:5      | Found Qeyd's Gadget Boutique.
  4715 | D:5      | Reached skill level 9 in Maces & Flails
  4754 | D:5      | Found a runed door.
  4893 | D:5      | Noticed Sigmund
  4905 | D:5      | Killed Sigmund
  4905 | D:5      | Reached XP level 9. HP: 75/75 MP: 7/7
  4910 | D:5      | Found Wiykkexeh's Weapon Shop.
  5144 | D:5      | Noticed Crazy Yiuf
  5152 | D:5      | Killed Crazy Yiuf
  5739 | D:6      | Found a staircase to the Ecumenical Temple.
  5771 | D:6      | Found a glowing drain.
  5817 | Sewer    | Entered a sewer
  5825 | Sewer    | Reached ***** piety under Trog
  6210 | D:7      | Found a snail-covered altar of Cheibriados.
  6218 | D:7      | Reached skill level 10 in Maces & Flails
  6634 | D:7      | Found a white marble altar of Elyvilon.
  6685 | D:7      | Found a sparkling altar of Nemelex Xobeh.
  6685 | D:7      | Found an opulent altar of Gozag.
  6832 | D:8      | Found a shadowy altar of Dithmenos.
  6929 | D:8      | Found a glowing golden altar of the Shining One.
  7073 | D:8      | Reached skill level 11 in Maces & Flails
  7782 | D:9      | Found a burning altar of Makhleb.
  7785 | D:9      | Reached XP level 10. HP: 81/86 MP: 2/8
  7870 | D:9      | Found a burning altar of Makhleb.
  8090 | D:9      | Found a radiant altar of Vehumet.
  8296 | D:9      | Reached skill level 10 in Shields
  8300 | D:9      | Reached skill level 12 in Maces & Flails
  8405 | D:10     | Entered Level 10 of the Dungeon
  8552 | D:10     | Killed an unseen horror
  8672 | D:10     | Received a gift from Trog
  8874 | D:10     | Killed an unseen horror
  8874 | D:10     | Reached skill level 13 in Maces & Flails
  8874 | D:10     | Reached XP level 11. HP: 43/97 MP: 8/8
  8997 | D:10     | Noticed a two-headed ogre
  9017 | D:10     | Killed a two-headed ogre
  9029 | D:10     | Found a staircase to the Orcish Mines.
  9357 | D:10     | Found a staircase to the Lair.
  9755 | Lair:1   | Entered Level 1 of the Lair of Beasts
  9873 | Lair:2   | Reached skill level 10 in Armour
 10084 | Lair:3   | Reached skill level 10 in Fighting
 10084 | Lair:3   | Reached skill level 14 in Maces & Flails
 10104 | Lair:3   | Reached ****** piety under Trog
 10242 | Lair:3   | Found a staircase to the Swamp.
 10677 | Lair:4   | Found a staircase to the Snake Pit.
 10716 | Lair:4   | Reached XP level 12. HP: 107/108 MP: 9/9
 10782 | Lair:4   | Reached skill level 15 in Maces & Flails
 10888 | Lair:4   | Noticed a six-headed hydra
 10942 | Lair:4   | Killed a six-headed hydra
 11261 | Lair:5   | Received a gift from Trog
 12037 | Lair:3   | Slain by a komodo dragon

Skill      XL: |  1  2  3  4  5  6  7  8  9 10 11 12 |
---------------+-------------------------------------+-----
Shields        | 4 5 6 8 9 10 11 | 11.2
Fighting       | 4 5 6 7 9 10 12 | 12.5
Armour         | 4 5 6 7 8 9 11 12 | 12.7
Maces & Flails | 3 4 5 6 7 9 11 13 14 15 | 15.9

Action                   |  1- 3 |  4- 6 |  7- 9 | 10-12 || total
-------------------------+-------+-------+-------+-------++-------
Melee: Flail             |    81 |   119 |   150 |       ||   350
       Headbutt          |     8 |    29 |    81 |   187 ||   305
       Morningstar       |       |    35 |   413 |   170 ||   618
       Dire flail        |       |       |       |   603 ||   603
Invok: Berserk           |       |     1 |     6 |     4 ||    11
       Trog's Hand       |       |       |     1 |     1 ||     2
       Brothers in Arms  |       |       |       |     1 ||     1
Evoke: Wand              |       |       |       |     8 ||     8
  Use: Scroll            |       |       |     9 |     2 ||    11
       Potion            |       |       |     2 |     2 ||     4
  Eat: Chunk             |       |     6 |    14 |    15 ||    35
       Ration            |       |       |     5 |     1 ||     6
Armor: Scale mail        |    34 |    74 |   125 |       ||   233
       Ring mail         |       |       |    77 |   108 ||   185
       Plate armour      |       |       |       |   277 ||   277
Dodge: Dodged            |    24 |    51 |   175 |   206 ||   456
Block: Shield            |    44 |    89 |   309 |   117 ||   559
